 Dungeon Crawl Stone Soup version 0.21-a0-630-g344d351 (webtiles) character file.

187 imbaray the Sneak (level 5, -5/36 HPs)
             Began as a Spriggan Enchanter on Dec 25, 2017.
             Killed by divine providence
             ... invoked by an orc priest
              (13 damage)
             ... on level 4 of the Dungeon.
             The game lasted 00:10:48 (3615 turns).

imbaray the Sneak (Spriggan Enchanter)              Turns: 3615, Time: 00:10:48

Health: -5/36      AC: 22    Str:  4 (5)  XL:     5   Next: 39%
Magic:  0/11       EV:  4    Int: 15 (16) God:
Gold:   107        SH:  0    Dex: 21 (22) Spells: 2/11 levels left

rFire    . . .     SeeInvis +   a - +1 dagger
rCold    . . .     Gourm    .   (shield restricted)
rNeg     + + +     Faith    .   (armour currently unavailable)
rPois    +         Spirit   +   (helmet currently unavailable)
rElec    .         Reflect  .   (cloak currently unavailable)
rCorr    .         Harm     .   (gloves unavailable)
MR       +....     NoTele   +   (boots unavailable)
Stlth    +++++.....             f - amulet of guardian spirit
HPRegen  0.12/turn              n - +5 ring of evasion
MPRegen  0.12/turn              v - ring of protection from magic

@: agile, tree-form, hasted, very quick
A: very small, unfitting armour, see invisible, herbivore, slow metabolism 2
a: no special abilities


You were on level 4 of the Dungeon.
You were not hungry.
You were a tree.
You visited 1 branch of the dungeon, and saw 4 of its levels.

You collected 107 gold pieces.

Inventory:

Hand Weapons
 a - a +1 dagger (weapon)
Armour
 b - a +0 robe (melded)
 o - a scarf of resistance (melded)
Jewellery
 f - an amulet of guardian spirit (around neck)
 n - a +5 ring of evasion (left branch)
 v - a ring of protection from magic (right branch)
Scrolls
 i - a scroll of identify
 j - 2 scrolls of blinking
 k - 3 scrolls of enchant weapon {unknown}
 m - a scroll of magic mapping {unknown}
 q - a scroll of amnesia {unknown}
 r - a scroll of teleportation {unknown}
 w - a scroll of remove curse {unknown}
Potions
 l - a potion of agility
 p - a potion of lignification
Books
 c - a book of Maledictions

   Spells                             Type                      Level
   a - Corona                         Hexes                        1
   b - Ensorcelled Hibernation        Hexes/Ice                    2
   c - Confuse                        Hexes                        3
   d - Tukima's Dance                 Hexes                        3
   e - Dazzling Spray                 Conjuration/Hexes            3
Comestibles
 d - 5 rations


   Skills:
 + Level 2.6 Short Blades
 + Level 4.5 Dodging
 + Level 5.8 Stealth
 + Level 3.8 Spellcasting
 + Level 4.7 Hexes


You had 2 spell levels left.
You knew the following spells:

 Your Spells              Type           Power        Failure   Level  Hunger
a - Corona                Hex            ###....      2%          1    None
b - Ensorcelled Hibernat  Hex/Ice        #.....       11%         2    ##.....
c - Confuse               Hex            ###.....     8%          3    ###....
d - Dazzling Spray        Conj/Hex       #.....       21%         3    ###....


Dungeon Overview and Level Annotations

Branches:
Dungeon (4/15)
 Temple: D:4-7

Altars:


Innate Abilities, Weirdness & Mutations

You are very small and have problems with some larger weapons.
You are too small for most types of armour.
You have supernaturally acute eyesight. (SInv)
You are a herbivore.
((You cover ground extremely quickly.))
You need consume almost no food.


Message History

The orc wizard hits you but does no damage.
You closely miss the orc priest.
The orc priest is moderately wounded.
The orc hits you but does no damage.
You closely miss the orc priest.
The orc priest is moderately wounded.
The orc wizard hits you but does no damage.
The orc priest hits you with a flail.
* * * LOW HITPOINT WARNING * * *
You hit the orc priest but do no damage.
The orc priest is moderately wounded.
The orc wizard hits you but does no damage.
The orc hits you but does no damage.
As you read the scroll labeled QIMADI GIBE, it crumbles to dust.
It is a scroll of identify.
j - 2 scrolls of blinking The orc wizard looks braver for a moment.
The orc priest calls down the wrath of Beogh upon you.
Beogh smites you!
You die...

#########
#.......#
#.......##
#..!......
#.>.......
#ooo...!#
#♣#
######.#
#......#
#......#
#......#
#......#
#......#
#......#
#######
######.#


You could see an orc priest, an orc wizard and an orc.

Vanquished Creatures
  2 orc wizards
  Robin (D:2)
  3 adders
  2 worms
  A dart slug (D:1)
  4 leopard geckos (D:1)
  2 orcs (D:3)
  3 giant cockroaches
  9 goblins
  10 hobgoblins
  12 jackals
  2 ball pythons
  7 bats
  6 frilled lizards
  7 kobolds
  7 rats
78 creatures vanquished.

Notes
Turn   | Place    | Note
-------+----------+-------------------------------------------
     0 | D:1      | imbaray the Spriggan Enchanter began the quest for the Orb.
     0 | D:1      | Reached XP level 1. HP: 9/9 MP: 5/5
   187 | D:1      | Reached XP level 2. HP: 11/13 MP: 6/6
   232 | D:1      | Learned a level 2 spell: Ensorcelled Hibernation
   649 | D:1      | Reached XP level 3. HP: 16/16 MP: 5/8
  1114 | D:2      | Reached skill level 5 in Stealth
  1191 | D:2      | Learned a level 3 spell: Confuse
  1824 | D:2      | Reached XP level 4. HP: 21/21 MP: 3/10
  1983 | D:2      | Noticed Robin
  2011 | D:2      | HP: 1/21 [goblin/club[Robin] (4)]
  2020 | D:2      | Killed Robin
  2535 | D:3      | Learned a level 3 spell: Dazzling Spray
  2634 | D:3      | Reached XP level 5. HP: 17/24 MP: 6/11
  3615 | D:4      | Killed from afar by an orc priest

Vault maps used:
D:1:      onia_arrival_pyramid, minmay_box_of_dots
D:2:      minmay_misc_feat_square, uniq_robin
D:3:      first_ration
D:4:      kennysheep_goblin_castle, lemuel_zombie_altar_kikubaaqudgha,
          grunt_ministairs_14, roderic_roman_lattice, uniq_menkaure,
          uniq_blork_the_orc

Skill      XL: |  1  2  3  4 |
---------------+-------------+-----
Spellcasting   | 3 |  3.8
Hexes          | 4 |  4.7
Stealth        | 5 |  5.8
Short Blades   | 2 |  2.6
Dodging        | 4 |  4.5

Action                   |  1- 3 |  4- 6 || total
-------------------------+-------+-------++-------
Melee: Dagger            |   136 |   186 ||   322
 Cast: Corona            |     3 |       ||     3
       Ensorcelled Hiber |    21 |    19 ||    40
       Confuse           |     2 |     7 ||     9
       Dazzling Spray    |       |     1 ||     1
  Use: Potion            |       |    12 ||    12
       Scroll            |       |     1 ||     1
 Stab: Sleeping          |    26 |    14 ||    40
       Confused          |     1 |     4 ||     5
       Distracted        |       |     1 ||     1
  Eat: Ration            |       |     2 ||     2
Armor: Robe              |     7 |    17 ||    24
       Skin              |       |    16 ||    16
Dodge: Dodged            |    97 |   232 ||   329

Table legend:
 A = Spawn XP
 B = Non-spawn XP
 C = Spawn XP percentage of total XP
 D = Spawn monster count
 E = Non-spawn monster count
 F = Spawn count percentage of total count
 G = Total turns spent on level
                    A         B        C        D         E        F      G
               +---------+---------+-------+---------+---------+-------+---------
         Total |       0 |     268 |   0.0 |       0 |      78 |   0.0 |  3615
               +---------+---------+-------+---------+---------+-------+---------
           D:1 |       0 |      57 |   0.0 |       0 |      31 |   0.0 |  1045
           D:2 |       0 |      70 |   0.0 |       0 |      18 |   0.0 |  1147
           D:3 |       0 |      95 |   0.0 |       0 |      25 |   0.0 |  1215
           D:4 |       0 |      46 |   0.0 |       0 |       4 |   0.0 |   208
               +---------+---------+-------+---------+---------+-------+---------
